 Dungeon Crawl Stone Soup version 0.31-a0-255-g9c3d1c461a (webtiles) character file.

Game seed: 2021198013166611639

847 qw the Skirmisher (level 7, -1/61 HPs)
             Began as a Minotaur Hexslinger on July 12, 2023.
             Slain by a gnoll
             ... wielding a +0 spear
             ... led by a gnoll bouda
              (5 damage)
             ... on level 5 of the Dungeon.
             The game lasted 00:01:49 (4000 turns).

qw the Skirmisher (Minotaur Hexslinger)             Turns: 4000, Time: 00:01:49

Health: -1/61      AC:  4    Str: 19    XL:     7   Next: 68%
Magic:  0/7        EV: 13    Int: 10    God:
Gold:   191        SH:  0    Dex: 14    Spells: 7/8 levels left

rFire   . . .        Y - +1 sling
rCold   + . .        (no shield)
rNeg    . . .        l - +1 robe {rC+}
rPois   .            (helmet restricted)
rElec   .            (no cloak)
rCorr   .            g - +0 pair of gloves
SInv    +            (no boots)
Will    .....        m - amulet of guardian spirit
Stlth   +            e - +6 ring of strength
HPRegen 0.30/turn    h - ring of see invisible
MPRegen 0.10/turn

%: guardian spirit
@: no status effects
A: horns 2, retaliatory headbutt
a: no special abilities


You were on level 5 of the Dungeon.
You visited 1 branch of the dungeon, and saw 5 of its levels.

You collected 236 gold pieces.
You spent 45 gold pieces at shops.


Innate Abilities, Weirdness & Mutations

You have a pair of horns on your head.
You reflexively headbutt those who attack you in melee.


   Skills:
 - Level 5.0 Fighting
 + Level 8.3 Ranged Weapons
 - Level 3.2 Dodging
 - Level 1.0 Spellcasting
 - Level 2.0 Hexes


You had 7 spell levels left.
You knew the following spells:

 Your Spells              Type           Power      Damage    Failure   Level
a - Slow                  Hex            16%        N/A       16%         1

Your spell library contained the following spells:

 Spells                   Type           Power      Damage    Failure   Level
 Inner Flame              Hex/Fire       2%         N/A       56%         3
 Portal Projectile        Hex/Tloc       4%         N/A       56%         3
 Cause Fear               Hex            2%         N/A       83%         4

Inventory:

Hand Weapons
 Y - a +1 sling (weapon)
Armour
 f - a +0 ring mail
 g - a +0 pair of gloves (worn)
 l - a +1 robe of cold resistance (worn)
Jewellery
 b - a ring of resist corrosion
 e - a +6 ring of strength (left hand)
 h - a ring of see invisible (right hand)
 j - a ring of ice
 m - an amulet of guardian spirit (around neck)
Scrolls
 a - a scroll of identify
Potions
 c - 2 potions of might
 d - 3 potions of curing
 i - a potion of mutation
 k - a potion of resistance

Dungeon Overview and Level Annotations

Branches:
Dungeon (5/15)
 Temple: D:4-7

Altars:
Elyvilon
Hepliaklqana
Kikubaaqudgha
Zin

Shops:
D:2 *


Message History

The gnoll is heavily wounded.
The gnoll barely misses you.
You shoot a sling bullet. The sling bullet hits the gnoll.
The gnoll is moderately wounded.
The gnoll bouda barks out a call to the hunt!
The gnolls pick up the pace!
The gnoll hits you with a +0 whip.
The gnoll hits you from afar with a +0 halberd.
You shoot a sling bullet.
The sling bullet barely misses the gnoll.
The sling bullet hits the gnoll.
The gnoll is almost dead.
The gnoll hits you with a +0 whip!
The gnoll hits you from afar with a +0 halberd!
You shoot a sling bullet. The sling bullet hits the gnoll.
The gnoll is heavily wounded.
The gnoll closely misses you. You furiously retaliate!
You headbutt the gnoll! The gnoll hits you with a +0 whip.
The gnoll hits you from afar with a +0 halberd!
You shoot a sling bullet. The sling bullet hits the gnoll.
The gnoll is heavily wounded.
The gnoll barely misses you.
The gnoll bouda hits you with a +0 whip of holy wrath!
The gnoll hits you with a +0 whip. The gnoll closely misses you.
You shoot a sling bullet. The sling bullet hits the gnoll!
You kill the gnoll!
The gnoll hits you with a +0 flail. The gnoll hits you but does no damage.
The gnoll closely misses you. The gnoll bouda closely misses you.
You furiously retaliate!
You headbutt the gnoll bouda. You shoot a sling bullet.
The sling bullet hits the gnoll.
You kill the gnoll!
The gnoll hits you but does no damage. The gnoll barely misses you.
The gnoll bouda hits you with a +0 whip of holy wrath!
The gnoll hits you from afar with a +0 halberd.
You shoot a sling bullet.
The sling bullet barely misses the gnoll bouda.
Your attacks no longer feel as feeble.
The gnoll barely misses you.
The gnoll hits you from afar with a +0 spear.
You die...

....####.##....#
.........#####.#
#####.......##.###
#...........##...#
#......%....####.##
#.................#
#....######.......###
#....# #....g....#
.....# #....g@##.# ##
.....# #....))# ..#
#. ....## #....gg#
#.# #. ....# #......#
.. #. ##### ........#
#.# #. .......##
.#### #. ...=...
.....# #. .......
....#####. ..........


You could see a gnoll bouda and 3 gnolls.

Vanquished Creatures
  Sigmund (D:4)
  Duvessa (D:4)
  An ogre (D:4)
  An ice beast (D:5)
  2 phantoms (D:5)
  Dowan (D:4)
  2 hounds
  Robin (D:4)
  2 gnolls (D:5)
  2 adders
  An ufetubus (D:3)
  3 worms (D:3)
  3 dart slugs
  8 orcs
  11 ball pythons
  3 endoplasms
  9 hobgoblins
  3 jackals (D:1)
  6 kobolds
  4 quokkas
  3 bats
  3 frilled lizards
  17 goblins
  3 rats (D:2)
  A spectral goblin (D:4)
92 creatures vanquished.

Notes
Turn   | Place    | Note
-------+----------+-------------------------------------------
     0 | D:1      | qw the Minotaur Hexslinger began the quest for the Orb.
     0 | D:1      | Reached XP level 1. HP: 16/16 MP: 1/1
     0 | D:1      | 0 ||| qw: Version: 0.3-a-52-g30416fa
     0 | D:1      | 0 ||| qw: Game counter: 6651
     0 | D:1      | 0 ||| qw: Melee chars always use a shield: true
     0 | D:1      | 0 ||| qw: God list: Okawaru
     0 | D:1      | 0 ||| qw: Allow faded altars: false
     0 | D:1      | 0 ||| qw: Do Orc after clearing Dungeon:15 true
     0 | D:1      | 0 ||| qw: Do second Lair branch before Depths: true
     0 | D:1      | 0 ||| qw: Lair rune preference: random
     0 | D:1      | 0 ||| qw: Goals: Normal
     0 | D:1      | 0 ||| PLANNING D:1-11
   106 | D:1      | Reached skill level 3 in Ranged Weapons
   204 | D:1      | Reached XP level 2. HP: 23/23 MP: 2/2
   444 | D:1      | 444 ||| UPGRADING to +0 ring mail.
   454 | D:1      | 454 ||| DROPPING +0 robe.
   455 | D:1      | 455 ||| UPGRADING to +6 ring of strength.
   456 | D:1      | 456 ||| UPGRADING to ring of see invisible.
   457 | D:1      | 457 ||| READING 2 scrolls labelled SUPTAOC JIGIOVEI.
   458 | D:1      | 458 ||| DROPPING scroll of poison.
   482 | D:2      | Found a faded altar of an unknown god.
   573 | D:2      | Reached XP level 3. HP: 27/29 MP: 3/3
   583 | D:2      | Found a white marble altar of Elyvilon.
   624 | D:2      | Reached skill level 4 in Ranged Weapons
   635 | D:2      | Found Hunatoi's Assorted Antiques.
   653 | D:2      | 653 ||| BUYING 2 bubbling white potions (45 gold).
   653 | D:2      | Bought 2 bubbling white potions for 45 gold pieces
   653 | D:2      | 653 ||| SHOPLISTING scroll labelled BUMELO LILESM (25 gold,
                  | have 19).
   653 | D:2      | 653 ||| SHOPLISTING scroll labelled ESSOILE POEBE (25 gold,
                  | have 19).
   653 | D:2      | 653 ||| SHOPLISTING scroll labelled SATTAN KUGAATU (25
                  | gold, have 19).
   653 | D:2      | 653 ||| SHOPLISTING scroll of identify (50 gold, have 19).
   653 | D:2      | 653 ||| SHOPLISTING steaming bronze ring (125 gold, have
                  | 19).
  1170 | D:2      | 1170 ||| UPGRADING to +1 robe of cold resistance.
  1180 | D:2      | 1180 ||| READING scroll labelled LUHYAJO JUFO.
  1185 | D:2      | 1185 ||| READING scroll labelled TOEMEN ENAIJ.
  1186 | D:2      | 1186 ||| READING scroll labelled LIHEMY MYWENNUJ.
  1187 | D:2      | 1187 ||| DRINKING 2 bubbling white potions.
  1188 | D:2      | 1188 ||| READING 2 scrolls of identify.
  1188 | D:2      | 1188 ||| IDENTIFYING puce potion
  1189 | D:2      | 1189 ||| DROPPING potion of degeneration.
  1255 | D:3      | 1255 ||| FLEEEEING.
  1256 | D:3      | 1256 ||| STAIRDANCE
  1285 | D:3      | 1285 ||| STAIRDANCE
  1286 | D:3      | Reached XP level 4. HP: 33/36 MP: 4/4
  1575 | D:3      | You fall into a shaft and drop 2 floors!
  1575 | D:5      | Entered Level 5 of the Dungeon
  1788 | D:5      | Noticed a phantom
  1805 | D:5      | Killed a phantom
  1806 | D:5      | Reached skill level 5 in Ranged Weapons
  1806 | D:5      | Reached XP level 5. HP: 12/41 MP: 5/5
  1914 | D:5      | 1914 ||| READING scroll labelled RUVAJORASA.
  1915 | D:5      | 1915 ||| READING scroll labelled BUMELO LILESM.
  1916 | D:5      | 1916 ||| DRINKING 2 fuming sapphire potions.
  1917 | D:5      | 1917 ||| READING 3 scrolls of identify.
  1917 | D:5      | 1917 ||| IDENTIFYING smoky ruby potion
  2386 | D:3      | Reached skill level 3 in Fighting
  2564 | D:3      | 2564 ||| DRINKING 2 fuming emerald potions.
  2565 | D:3      | 2565 ||| READING 3 scrolls of identify.
  2565 | D:3      | 2565 ||| IDENTIFYING glowing coppery potion
  2622 | D:4      | Noticed Sigmund
  2631 | D:4      | 2631 ||| READING 2 scrolls of identify.
  2631 | D:4      | 2631 ||| IDENTIFYING golden potion
  2633 | D:4      | 2633 ||| DROPPING potion of lignification.
  2642 | D:4      | 2642 ||| FLEEEEING.
  2643 | D:4      | 2643 ||| FLEEEEING.
  2644 | D:4      | 2644 ||| FLEEEEING.
  2651 | D:4      | HP: 10/45 [Sigmund/+0 scythe of pain (7)]
  2652 | D:4      | 2652 ||| DRINKING potion of heal wounds.
  2656 | D:4      | Killed Sigmund
  2657 | D:4      | Reached skill level 7 in Ranged Weapons
  2657 | D:4      | Reached XP level 6. HP: 14/51 MP: 6/6
  2841 | D:4      | Noticed Robin
  2862 | D:4      | Killed Robin
  3073 | D:4      | Found an ancient bone altar of Kikubaaqudgha.
  3080 | D:4      | Found a glowing silver altar of Zin.
  3125 | D:4      | Found a hazy altar of Hepliaklqana.
  3340 | D:4      | Noticed Dowan
  3340 | D:4      | Noticed Duvessa
  3348 | D:4      | 3348 ||| FLEEEEING.
  3349 | D:4      | 3349 ||| FLEEEEING.
  3350 | D:4      | 3350 ||| FLEEEEING.
  3351 | D:4      | 3351 ||| FLEEEEING.
  3352 | D:4      | 3352 ||| FLEEEEING.
  3353 | D:4      | 3353 ||| FLEEEEING.
  3354 | D:4      | 3354 ||| FLEEEEING.
  3372 | D:4      | 3372 ||| FLEEEEING.
  3373 | D:4      | 3373 ||| FLEEEEING.
  3374 | D:4      | 3374 ||| FLEEEEING.
  3375 | D:4      | 3375 ||| FLEEEEING.
  3382 | D:4      | 3382 ||| FLEEEEING.
  3383 | D:4      | 3383 ||| FLEEEEING.
  3384 | D:4      | 3384 ||| FLEEEEING.
  3385 | D:4      | 3385 ||| FLEEEEING.
  3386 | D:4      | 3386 ||| FLEEEEING.
  3389 | D:4      | 3389 ||| FLEEEEING.
  3392 | D:4      | 3392 ||| FLEEEEING.
  3405 | D:4      | 3405 ||| FLEEEEING.
  3419 | D:4      | 3419 ||| FLEEEEING.
  3424 | D:4      | 3424 ||| STAIRDANCE
  3428 | D:3      | 3428 ||| UPGRADING to amulet of guardian spirit.
  3433 | D:3      | 3433 ||| READING scroll labelled ESSOILE POEBE.
  3447 | D:4      | Killed Duvessa
  3448 | D:4      | Reached XP level 7. HP: 60/60 MP: 4/7
  3453 | D:4      | Killed Dowan
  3777 | D:4      | 3777 ||| UPGRADING to +0 pair of gloves.
  3782 | D:4      | 3782 ||| READING 2 scrolls of identify.
  3782 | D:4      | 3782 ||| IDENTIFYING ruby potion
  3783 | D:4      | 3783 ||| DROPPING potion of brilliance.
  3827 | D:5      | Reached skill level 8 in Ranged Weapons
  3933 | D:5      | Reached skill level 3 in Dodging
  3999 | D:5      | HP: 7/61 [gnoll bouda/+0 whip of holy wrath (10)]
  4000 | D:5      | Slain by a gnoll

Levels and vault maps discovered:
D:1:      dpeg_arrival_rooms_c, layout_basic
D:2:      layout_basic, basic_ecumenical_altar, basic_altar, serial_shops,
          nicolae_shop_crystal
D:3:      layout_rooms, eino_curves_02, hex_medium
D:4:      layout_basic, mainiacjoe_overflow_big_doors,
          nicolae_hepliaklqana_monster_ancestors, uniq_robin, uniq_duvessa,
          uniq_sigmund
D:5:      layout_basic, uniq_crazy_yiuf_cottage

Skill      XL: |  1  2  3  4  5  6  7 |
---------------+----------------------+-----
Ranged Weapons | 3 4 5 7 8 |  8.3
Fighting       | 2 3 4 5 |  5.0
Dodging        | 3 |  3.2
Spellcasting   | |  1.0
Hexes          | |  2.0

Action                     |  1- 3 |  4- 6 |  7- 9 || total
---------------------------+-------+-------+-------++-------
  Melee: Unarmed           |       |    17 |       ||    17
   Fire: Sling             |   136 |   154 |    65 ||   355
    Use: Scroll            |     5 |     6 |     1 ||    12
         Potion            |     1 |     3 |       ||     4
   Stab: Confused          |       |     1 |       ||     1
 Armour: Robe              |     5 |    10 |     8 ||    23
         Ring mail         |    16 |       |       ||    16
         Skin              |       |    12 |     1 ||    13
  Dodge: Dodged            |    57 |    49 |    22 ||   128

Table legend:
 A = Non-vault XP
 B = Vault XP
 C = Vault XP percentage of total XP
 D = Non-vault monster count
 E = Vault monster count
 F = Vault count percentage of total count
                 A         B        C        D         E       F
            +---------+---------+-------+---------+---------+-------
      Total |     734 |     476 |  39.3 |      74 |      18 |  19.6
            +---------+---------+-------+---------+---------+-------
        D:1 |      32 |       0 |   0.0 |      19 |       0 |   0.0
        D:2 |      50 |       0 |   0.0 |      22 |       0 |   0.0
        D:3 |      89 |       0 |   0.0 |      17 |       0 |   0.0
        D:4 |     154 |     476 |  75.6 |       8 |      18 |  69.2
        D:5 |     409 |       0 |   0.0 |       8 |       0 |   0.0
            +---------+---------+-------+---------+---------+-------
